 Dungeon Crawl Stone Soup version 0.22-a0-872-g6a232dd (webtiles) character file.

3509 topirishpotato the Skirmisher (level 10, 0/88 HPs)
             Began as a Hill Orc Fighter on July 28, 2018.
             Was a Follower of Beogh.
             Killed by vampiric draining
             ... invoked by a vampire
              (6 damage)
             ... on level 9 of the Dungeon.
             The game lasted 00:19:42 (6879 turns).

topirishpotato the Skirmisher (Hill Orc Fighter)    Turns: 6879, Time: 00:19:43

Health: 0/88       AC: 21    Str: 23    XL:     10   Next: 7%
Magic:  13/13      EV:  5    Int:  8    God:    Beogh [*.....]
Gold:   259        SH: 10    Dex: 10    Spells: 12/13 levels left

rFire    . . .     SeeInvis .   n - +6 flail (protect)
rCold    . . .     Gourm    .   c - +0 shield
rNeg     . . .     Faith    .   j - +0 plate armour
rPois    .         Spirit   .   k - +0 helmet
rElec    .         Reflect  .   (no cloak)
rCorr    .         Harm     .   (no gloves)
MR       +....                  (no boots)
Stlth    ..........             h - amulet of the acrobat
HPRegen  0.24/turn              i - ring of protection from magic
MPRegen  0.13/turn              (no ring)

@: protection aura
A: no striking features
a: Renounce Religion


You were on level 9 of the Dungeon.
You worshipped Beogh.
Beogh was aware of your devotion.
You were not hungry.

You visited 2 branches of the dungeon, and saw 8 of its levels.

You collected 259 gold pieces.

Inventory:

Hand Weapons
 a - a +1 war axe
 n - a +6 flail of protection (weapon)
Armour
 b - a +0 scale mail
 c - a +0 shield (worn)
 j - a +0 plate armour (worn)
 k - a +0 helmet (worn)
Jewellery
 h - an amulet of the acrobat (around neck)
 i - a ring of protection from magic (left hand)
Wands
 m - a wand of flame (18)
 p - a wand of digging (19)
Scrolls
 d - 3 scrolls of identify
 g - 2 scrolls of amnesia
 l - a scroll of noise
 r - a scroll of random uselessness {unknown}
 s - a scroll of fear {unknown}
Potions
 e - a potion of cancellation
Comestibles
 f - 7 rations


   Skills:
 + Level 7.8 Fighting
   Level 2.7 Long Blades
 - Level 7.2(9.0) Axes
 * Level 6.8(7.9) Maces & Flails
 * Level 7.4 Armour
 - Level 0.5 Dodging
 - Level 0.5 Stealth
 + Level 6.5 Shields
 * Level 2.2 Spellcasting
 * Level 3.1 Summonings


You had 12 spell levels left.
You knew the following spells:

 Your Spells              Type           Power        Failure   Level  Hunger
a - Summon Small Mammal   Summ           #...         99%         1    ##.....

Your spell library contained the following spells:

 Spells                   Type           Power        Failure   Level  Hunger
 Summon Ice Beast         Ice/Summ       #.......     100%        4    #####..
 Call Imp                 Summ           #.......     100%        2    ###....
 Call Canine Familiar     Summ           #.......     100%        3    ####...
 Summon Lightning Spire   Summ/Air       #.......     100%        4    #####..
 Summon Guardian Golem    Hex/Summ       #.......     100%        3    ####...


Dungeon Overview and Level Annotations

Branches:
Dungeon (6/15)             Temple (1/1) D:4

Altars:
Ashenzari
Cheibriados
Dithmenos
Elyvilon
Fedhas
Gozag
Hepliaklqana
Makhleb
Nemelex Xobeh
Okawaru
Qazlal
Trog
Wu Jian
Xom
Yredelemnul
Zin
The Shining One

Shops:
D:4 %

Annotations:
D:9 1 runed door, KappaVara's ghost, novice MiFi


Message History

Beogh accepts your kill. Something hits you but does no damage.
Something bites you.
* * * LOW HITPOINT WARNING * * *
Something draws strength from your injuries!
Things that are here:
an enchanted long sword; a robe You miss something.
Something hits you but does no damage. Something bites you but does no damage.
You miss something. Something hits you.
* * * LOW HITPOINT WARNING * * *
Something bites you but does no damage.
You sock something! Something hits you but does no damage.
You block something's attack.
You hit something but do no damage. Something hits you.
* * * LOW HITPOINT WARNING * * *
Something bites you but does no damage.
You hit something but do no damage.
A vampire appears from thin air!
Reactivating autopickup.
The vampire is infused with unholy energy.
You die...

......#.....####...###
......#.....##...###
......#........###
......'.....####
......#...###.
..###...###..##
..#...### #..###
....### #.#.V###
..#### #)###@.# .....#
#.# ###..# ..###.# #†#
##..# ...### #.# #..#
..#..### #.# #.. ##
..#....### #.## #..#
..#.#....####.##..#
..#...#....###†.#
..#.#...#.....###


You could see a vampire.

Vanquished Creatures
  A hydra (D:9)
  A two-headed ogre (D:9)
  Edmund (D:5)
  2 ice beasts
  4 ogres
  4 centaurs
  2 bullfrogs
  A scorpion (D:5)
  9 wights
  A howler monkey (D:9)
  2 crimson imps
  2 orc priests
  4 hounds
  2 orc wizards
  Natasha (thrice) (D:4)
  An iguana (D:9)
  2 worker ants
  A killer bee zombie (D:9)
  A mummy (D:5)
  A worker ant zombie (D:9)
  Robin (D:2)
  A howler monkey skeleton (D:9)
  4 gnolls (D:3)
  2 adders
  An ooze (D:1)
  An adder skeleton (D:9)
  3 worms
  3 dart slugs (D:1)
  4 leopard geckos
  18 orcs
  6 giant cockroaches
  15 goblins
  7 hobgoblins
  6 jackals (D:1)
  A quokka (D:4)
  A ball python (D:5)
  10 bats
  6 frilled lizards
  A jackal zombie (D:5)
  5 kobolds
  4 rats
145 creatures vanquished.

Vanquished Creatures (others)
  A goblin (D:3)
  A bat (D:3)
2 creatures vanquished.

Grand Total: 147 creatures vanquished

Notes
Turn   | Place    | Note
-------+----------+-------------------------------------------
     0 | D:1      | topirishpotato the Hill Orc Fighter began the quest for the Orb.
     0 | D:1      | Reached XP level 1. HP: 19/19 MP: 1/1
    71 | D:1      | Reached XP level 2. HP: 23/27 MP: 2/2
   253 | D:1      | Reached XP level 3. HP: 28/34 MP: 3/3
   984 | D:2      | Noticed Robin
  1003 | D:2      | Reached XP level 4. HP: 26/41 MP: 4/4
  1013 | D:2      | Killed Robin
  1087 | D:2      | Found a glowing golden altar of the Shining One.
  1383 | D:2      | Found a shadowy altar of Dithmenos.
  1504 | D:3      | Noticed an ice beast
  1522 | D:3      | Killed an ice beast
  1522 | D:3      | Reached XP level 5. HP: 11/47 MP: 5/5
  1921 | D:3      | Reached skill level 5 in Axes
  1934 | D:3      | Reached skill level 5 in Fighting
  1934 | D:3      | Reached XP level 6. HP: 47/56 MP: 6/6
  1969 | D:3      | Became a worshipper of Beogh the Brigand
  2874 | D:4      | Noticed Natasha
  2880 | D:4      | Killed Natasha
  2904 | D:4      | Noticed Natasha
  2911 | D:4      | Killed Natasha
  2964 | D:4      | Reached XP level 7. HP: 33/62 MP: 7/7
  3095 | D:4      | Noticed Natasha
  3104 | D:4      | Killed Natasha
  3242 | D:4      | Found Noeckudgh's Food Shoppe.
  3336 | D:4      | Found a staircase to the Ecumenical Temple.
  3344 | Temple   | Entered the Ecumenical Temple
  3989 | D:5      | Entered Level 5 of the Dungeon
  4337 | D:5      | Reached skill level 5 in Armour
  4342 | D:5      | Reached skill level 1 in Long Blades
  4342 | D:5      | Reached skill level 5 in Shields
  4342 | D:5      | Reached XP level 8. HP: 57/71 MP: 8/8
  4851 | D:5      | Reached * piety under Beogh
  4883 | D:5      | HP: 2/71 [orc priest/divine providence (16)]
  5280 | D:5      | Learned a level 1 spell: Summon Small Mammal
  5287 | D:5      | Noticed Edmund
  5295 | D:5      | Killed Edmund
  5715 | D:6      | Found a snail-covered altar of Cheibriados.
  5783 | D:6      | Reached skill level 1 in Maces & Flails
  5783 | D:6      | Reached skill level 1 in Summonings
  5865 | D:6      | Reached skill level 1 in Spellcasting
  5865 | D:6      | Reached XP level 9. HP: 67/79 MP: 10/10
  5943 | D:6      | You fall through a shaft for 3 floors!
  6150 | D:9      | Noticed a seven-headed hydra
  6244 | D:9      | Found a runed door.
  6249 | D:9      | Noticed KappaVara's ghost (novice MiFi)
  6278 | D:9      | HP: 4/118 [seven-headed hydra (6)]
  6279 | D:9      | Killed a seven-headed hydra
  6279 | D:9      | Reached skill level 5 in Maces & Flails
  6814 | D:9      | Noticed a two-headed ogre
  6831 | D:9      | Killed a two-headed ogre
  6831 | D:9      | Reached XP level 10. HP: 48/88 MP: 11/13
  6879 | D:9      | Killed from afar by a vampire

Vault maps used:
D:1:      dpeg_arrival_tiny_j
D:2:      grunt_dithmenos_smoke, old_standard_altar, uniq_robin
D:4:      minmay_temple_entry_mist, serial_shops, nicolae_shop_waterfront,
          feat_on_display, uniq_natasha
D:5:      first_ration, gup_ossuary_entry_pyramid, uniq_edmund
D:6:      nicolae_overflow_crystal_walls, nicolae_overflow_hidden_temple,
          slow_altar_1, basic_altar
D:9:      minmay_the_grid_triangle_9x9_rhombus_thin,
          ebering_ghost_reflecting_pool, minivault_23, david_nohive_1
Temple:   dpeg_chambers_temple

Skill      XL: |  1  2  3  4  5  6  7  8  9 |
---------------+----------------------------+-----
Fighting       | 4 5 6 7 |  7.8
Axes           | 3 4 5 6 7 |  7.2
Shields        | 4 5 6 |  6.5
Armour         | 4 5 6 7 |  7.4
Long Blades    | 1 2 |  2.7
Maces & Flails | 2 6 |  6.8
Summonings     | 1 3 |  3.1
Spellcasting   | 1 2 |  2.2
Dodging        | |  0.5
Stealth        | |  0.5

Action                   |  1- 3 |  4- 6 |  7- 9 | 10-12 || total
-------------------------+-------+-------+-------+-------++-------
Melee: War axe           |   130 |   185 |    62 |       ||   377
       Falchion          |       |       |   217 |       ||   217
       Flail             |       |       |   162 |    24 ||   186
Invok: Convert to Beogh  |       |     1 |       |       ||     1
  Use: Scroll            |     3 |     4 |     6 |       ||    13
       Potion            |     2 |       |    13 |       ||    15
  Eat: Chunk             |       |     4 |     3 |       ||     7
       Ration            |       |     1 |     4 |       ||     5
Armor: Scale mail        |    41 |       |       |       ||    41
       Plate armour      |    24 |   130 |   228 |    33 ||   415
       Skin              |       |       |    69 |       ||    69
Dodge: Dodged            |    43 |    34 |    89 |     3 ||   169
Block: Shield            |    73 |   114 |   246 |     5 ||   438
       Rpst.: Falchion   |       |       |    10 |       ||    10

Table legend:
 A = Spawn XP
 B = Non-spawn XP
 C = Spawn XP percentage of total XP
 D = Spawn monster count
 E = Non-spawn monster count
 F = Spawn count percentage of total count
 G = Total turns spent on level
                    A         B        C        D         E        F      G
               +---------+---------+-------+---------+---------+-------+---------
         Total |       0 |    5014 |   0.0 |       0 |     146 |   0.0 |  6879
               +---------+---------+-------+---------+---------+-------+---------
           D:1 |       0 |      65 |   0.0 |       0 |      30 |   0.0 |   932
           D:2 |       0 |      72 |   0.0 |       0 |      27 |   0.0 |   558
           D:3 |       0 |     260 |   0.0 |       0 |      21 |   0.0 |  1339
           D:4 |       0 |     422 |   0.0 |       0 |      19 |   0.0 |   948
           D:5 |       0 |    1188 |   0.0 |       0 |      24 |   0.0 |  1706
           D:6 |       0 |     722 |   0.0 |       0 |      12 |   0.0 |   248
           D:9 |       0 |    2285 |   0.0 |       0 |      13 |   0.0 |   936
               +---------+---------+-------+---------+---------+-------+---------
